 Dungeon Crawl Stone Soup version 0.18.1-48-g4cf74bf (webtiles) character file.

14848 nikopol the Spear-Bearer (level 11, -8/101 HPs)
             Began as a Minotaur Berserker on July 12, 2016.
             Was a High Priest of Trog.
             Mangled by a wraith (11 damage)
             ... led by Josephine
             ... on level 11 of the Dungeon.
             The game lasted 00:24:27 (9630 turns).

nikopol the Spear-Bearer (Minotaur Berserker)       Turns: 9630, Time: 00:24:28

Health: -8/101     AC: 17    Str: 21    XL:     11   Next: 94%
Magic:  10/10      EV: 15    Int:  4    God:    Trog [*****.]
Gold:   691        SH:  0    Dex: 14    Spells: 0 memorised, 10 levels left

rFire  . . .     SeeInvis .     x - +2 trident (venom)
rCold  . . .     Gourm    .     t - +0 scale mail
rNeg   + . .     Faith    .     (no shield)
rPois  .         Spirit   .     Q - +2 hat
rElec  .         Dismiss  .     m - +2 cloak
rCorr  .         Reflect  .     I - +0 pair of gloves
SustAt .         Harm     .     u - +0 pair of boots
MR     .....                    (no amulet)
Stlth  ..........               J - ring of positive energy
                                s - ring of flight

@: slowed, very slow, not resistant to hostile enchantments, extremely
unstealthy
A: retaliatory headbutt, horns 2
a: Berserk, Trog's Hand, Brothers in Arms, Burn Spellbooks, Renounce Religion,
Evoke Flight


You were on level 11 of the Dungeon.
You worshipped Trog.
Trog was extremely pleased with you.
You were hungry.

You visited 1 branch of the dungeon, and saw 11 of its levels.

You collected 691 gold pieces.

Inventory:

Hand Weapons
 c - a +0 shortbow
 x - a +2 trident of venom (weapon)
 C - a +0 halberd
 L - a +0 spear
Missiles
 H - 181 arrows (quivered)
Armour
 b - a +0 animal skin
 d - a +0 leather armour
 f - a +0 cloak
 m - a +2 cloak (worn)
 p - a +0 ring mail
 t - a +0 scale mail (worn)
 u - a +0 pair of boots (worn)
 I - a +0 pair of gloves (worn)
 Q - a +2 hat (worn)
Jewellery
 s - a ring of flight (left hand)
 J - a ring of positive energy (right hand)
Wands
 P - a wand of random effects (29/48)
Scrolls
 a - 3 scrolls of teleportation
 g - 2 scrolls of magic mapping
 i - 10 scrolls of identify {unknown}
 k - 8 scrolls of amnesia {unknown}
 o - 3 scrolls of fear {unknown}
 y - a scroll of noise {unknown}
 z - 4 scrolls of enchant weapon {unknown}
 B - a scroll of vulnerability {unknown}
 F - a scroll of immolation {unknown}
 M - a scroll of recharging {unknown}
 O - a scroll of blinking {unknown}
 R - a scroll of summoning {unknown}
 S - a scroll of torment {unknown}
 T - 3 scrolls of enchant armour {unknown}
 U - 4 scrolls of remove curse {unknown}
 V - a scroll of fog {unknown}
Potions
 e - 7 potions of curing {unknown}
 h - 2 potions of heal wounds {unknown}
 j - 3 potions of lignification {unknown}
 l - a potion of ambrosia {unknown}
 n - a potion of beneficial mutation {unknown}
 q - a potion of brilliance {unknown}
 r - a potion of invisibility {unknown}
 v - 4 potions of magic {unknown}
 w - a potion of flight {unknown}
 A - 2 potions of mutation {unknown}
 D - a potion of degeneration {unknown}
 E - 2 potions of might {unknown}
 W - a potion of berserk rage {unknown}
 X - a potion of agility {unknown}
Comestibles
 G - 9 bread rations
 K - 4 fruits
 N - 4 beef jerkies
 Y - 3 chunks of flesh


   Skills:
 + Level 10.4 Fighting
 * Level 12.5 Polearms
 * Level 9.8 Bows
 + Level 10.1 Armour
 + Level 8.9 Dodging


You had 10 spell levels left.
You didn't know any spells.

Dungeon Overview and Level Annotations

Branches:
Dungeon (11/15)            Temple (0/1) D:4            Lair (0/8) D:11
    Orc (0/2) D:9

Altars:
Ashenzari
Cheibriados
Dithmenos
Fedhas
Gozag
Kikubaaqudgha
Makhleb
Okawaru
Pakellas
Ru
Sif Muna
Trog
Yredelemnul
Zin
The Shining One


Innate Abilities, Weirdness & Mutations

You reflexively headbutt those who attack you in melee.
You have a pair of horns on your head.


Message History

Your iron troll claws the wraith!
Your iron troll closely misses the wraith.
You puncture the wraith!
You destroy the wraith!
You are feeling hungry.
Your iron troll is no longer moving slowly.
The wraith closely misses you.
The cyclops hits your iron troll but does no damage.
The wraith hits you!
* * * LOW HITPOINT WARNING * * *
The wraith drains your vigour!
You feel as though you will be slow longer.
You closely miss the wraith.
The wraith is severely damaged.
Your iron troll completely misses the cyclops.
Your iron troll claws the cyclops!!
Your iron troll completely misses the cyclops.
The wraith barely misses you. The cyclops hits your iron troll!!
The wraith hits you!
You die...

..###.#....#,,,,*,,***,,* *,,
...........#,,,,*,,*,,..# *,,
...........###***,,*,,.?# *,,
..............,,,,,*,...# *,,
.............,,,,,,*....# *,,
..........##########....# *>,
........................# *,,
.....>..........W.......# *,,
..........#....†@W.TC...# *,,
..........#..######)†...#******,,
..........#..#,,,,*......,,,,,,,,
...(......#..#,,,,*,.....,,,,,,,,
..........#..+,,,,*,..W..,,,,,,,,
.............#+****,,W...,,,,,,,,
..............,,,,,,,...$,,,,,,,,
,,,,,,,,,,,,,,,,,,,,,,,,,,,,,,,,,
,,,,,,,,,,,,,,,,,,,,,,,,,********


You could see a cyclops, 2 wraiths and a friendly iron troll (berserk).

Vanquished Creatures
  Gastronok (D:8)
  Snorg (D:10)
  A hydra (D:11)
  Erica (D:8)
  The ghost of Britaniac the Basher, a novice GrFi of Okawaru (D:9)
  A hill giant (D:11)
  An ugly thing (D:11)
  The ghost of Aquadorian the Cleaver, a novice MiFi of Okawaru (D:6)
  2 trolls (D:9)
  6 slime creatures (D:10)
  A blink frog (D:11)
  2 wraiths (D:11)
  3 hungry ghosts
  2 hippogriffs
  The ghost of poirepourri the Magician, an amateur DECj (D:3)
  A porcupine (D:11)
  4 water moccasins
  9 orc warriors
  2 ice beasts
  2 sky beasts
  A black bear (D:10)
  3 phantoms
  2 necrophages
  9 ogres
  7 centaurs
  4 big kobolds (D:9)
  3 gnoll sergeants (D:9)
  3 giant frogs
  8 killer bees
  A scorpion (D:8)
  4 wights (D:9)
  A crimson imp (D:6)
  2 centaur zombies
  2 hounds
  5 orc wizards
  3 orc priests
  2 jellies
  An iguana (D:4)
  Natasha (thrice) (D:3)
  3 giant frog skeletons
  2 hell rats (D:11)
  9 worker ants
  3 worker ant zombies
  13 gnolls
  11 adders
  A river rat (D:11)
  4 shadow imps
  5 worms
  3 dart slugs
  2 giant geckos
  30 orcs
  5 ball pythons
  10 bats
  A giant cockroach (D:2)
  9 goblins
  11 hobgoblins
  9 jackals
  6 kobolds
  5 quokkas
  2 giant gecko skeletons (D:4)
  A giant gecko zombie (D:5)
  5 giant newts
  A quokka skeleton (D:4)
  9 rats
267 creatures vanquished.

Vanquished Creatures (collateral kills)
  Josephine (D:11)
  A troll (D:8)
  A wraith (D:11)
  A big kobold (D:8)
  A hound (D:11)
  An adder (D:8)
6 creatures vanquished.

Vanquished Creatures (others)
  An orc wizard (D:5)
1 creature vanquished.

Grand Total: 274 creatures vanquished

Notes
Turn   | Place    | Note
--------------------------------------------------------------
     0 | D:1      | nikopol the Minotaur Berserker began the quest for the Orb.
     0 | D:1      | Reached XP level 1. HP: 19/19 MP: 0/0
   156 | D:1      | Reached XP level 2. HP: 27/27 MP: 1/1
   467 | D:1      | Reached ** piety under Trog
   739 | D:2      | Reached skill level 4 in Polearms
   739 | D:2      | Reached XP level 3. HP: 32/33 MP: 2/2
   763 | D:2      | Reached XP level 4. HP: 6/40 MP: 3/3
  1111 | D:2      | Found a burning altar of Makhleb.
  1113 | D:2      | Noticed a balrug
  1248 | D:2      | Reached *** piety under Trog
  1330 | D:2      | Reached XP level 5. HP: 47/47 MP: 4/4
  1671 | D:3      | Reached skill level 5 in Fighting
  1704 | D:3      | Noticed poirepourri's ghost (amateur DECj)
  1711 | D:3      | Killed poirepourri's ghost
  1711 | D:3      | Reached XP level 6. HP: 56/56 MP: 5/5
  1838 | D:3      | Found a sacrificial altar of Ru.
  1840 | D:3      | Found a blossoming altar of Fedhas.
  1840 | D:3      | Found an oddly glowing altar of Pakellas.
  1926 | D:3      | Noticed Natasha
  1934 | D:3      | Killed Natasha
  1934 | D:3      | Reached skill level 5 in Polearms
  1942 | D:3      | Noticed Natasha
  1948 | D:3      | Killed Natasha
  1953 | D:3      | Noticed Natasha
  1965 | D:3      | Killed Natasha
  2328 | D:4      | Found a staircase to the Ecumenical Temple.
  2523 | D:4      | Reached skill level 5 in Armour
  2846 | D:5      | Entered Level 5 of the Dungeon
  2864 | D:5      | Reached **** piety under Trog
  2864 | D:5      | Reached XP level 7. HP: 62/62 MP: 6/6
  3201 | D:5      | Found a snail-covered altar of Cheibriados.
  3275 | D:5      | Found a bloodstained altar of Trog.
  3276 | D:5      | Found an opulent altar of Gozag.
  3277 | D:5      | Found a deep blue altar of Sif Muna.
  3277 | D:5      | Found an iron altar of Okawaru.
  3277 | D:5      | Found a glowing silver altar of Zin.
  3278 | D:5      | Found a shadowy altar of Dithmenos.
  3279 | D:5      | Found a glowing golden altar of the Shining One.
  3336 | D:5      | Found a deep blue altar of Sif Muna.
  3604 | D:6      | Reached skill level 6 in Polearms
  3799 | D:6      | Noticed a hungry ghost
  3822 | D:6      | Reached skill level 1 in Bows
  3824 | D:6      | Noticed Aquadorian's ghost (novice MiFi)
  3825 | D:6      | Killed a hungry ghost
  3825 | D:6      | Reached skill level 5 in Dodging
  3836 | D:6      | Killed Aquadorian's ghost
  3836 | D:6      | Reached skill level 7 in Polearms
  3836 | D:6      | Reached XP level 8. HP: 71/71 MP: 7/7
  3998 | D:6      | Found an ancient bone altar of Kikubaaqudgha.
  4136 | D:6      | Received a gift from Trog
  4464 | D:6      | Reached skill level 8 in Polearms
  4517 | D:7      | Reached XP level 9. HP: 79/79 MP: 8/8
  4642 | D:7      | Reached skill level 5 in Bows
  4891 | D:7      | Reached ***** piety under Trog
  5732 | D:8      | Found a shattered altar of Ashenzari.
  5803 | D:8      | Noticed Gastronok
  5811 | D:8      | Reached skill level 9 in Polearms
  5822 | D:8      | Killed Gastronok
  5822 | D:8      | Received a gift from Trog
  5822 | D:8      | Reached XP level 10. HP: 63/90 MP: 9/9
  5934 | D:8      | Found a basalt altar of Yredelemnul.
  6003 | D:8      | Reached skill level 10 in Polearms
  6252 | D:9      | Noticed Britaniac's ghost (novice GrFi)
  6273 | D:9      | Killed Britaniac's ghost
  6716 | D:9      | Received a gift from Trog
  7075 | D:9      | Reached skill level 11 in Polearms
  7082 | D:9      | Found a staircase to the Orcish Mines.
  7106 | D:8      | Reached XP level 11. HP: 30/97 MP: 10/10
  7421 | D:9      | Received a gift from Trog
  7886 | D:9      | Found a shadowy altar of Dithmenos.
  8104 | D:8      | Noticed Erica
  8115 | D:8      | Killed Erica
  8266 | D:10     | Entered Level 10 of the Dungeon
  8683 | D:10     | Noticed Snorg
  8695 | D:10     | Killed Snorg
  8695 | D:10     | Reached skill level 10 in Fighting
  9142 | D:10     | Reached skill level 12 in Polearms
  9515 | D:11     | Noticed a brown ugly thing
  9533 | D:11     | Killed a brown ugly thing
  9534 | D:11     | Noticed a hill giant
  9550 | D:11     | Killed a hill giant
  9553 | D:11     | Noticed a four-headed hydra
  9567 | D:11     | Killed a four-headed hydra
  9567 | D:11     | Received a gift from Trog
  9567 | D:11     | Reached skill level 10 in Armour
  9579 | D:11     | Found a staircase to the Lair.
  9613 | D:11     | Noticed Josephine
  9625 | D:11     | Killed Josephine
  9629 | D:11     | HP: 3/101 [wraith[Josephine] (10)]
  9630 | D:11     | Mangled by a wraith

Skill      XL: |  1  2  3  4  5  6  7  8  9 10 11 |
---------------+----------------------------------+-----
Fighting       | 4 5 6 7 8 9 10 | 10.4
Polearms       | 4 5 7 8 9 11 12 | 12.5
Armour         | 3 4 5 6 7 9 10 | 10.1
Dodging        | 3 4 5 6 7 8 |  8.9
Bows           | 3 4 7 8 9 |  9.8

Action                   |  1- 3 |  4- 6 |  7- 9 | 10-12 || total
-------------------------+-------+-------+-------+-------++-------
Melee: Spear             |    79 |   203 |   160 |       ||   442
       Headbutt          |     9 |    20 |    49 |    74 ||   152
       Halberd           |       |       |    68 |   156 ||   224
       Trident           |       |       |       |   182 ||   182
 Fire: Shortbow          |       |       |    97 |   158 ||   255
Invok: Berserk           |       |     2 |     3 |     6 ||    11
       Brothers in Arms  |       |       |       |     2 ||     2
  Use: Scroll            |       |       |       |     2 ||     2
  Eat: Chunk             |       |     7 |    11 |    23 ||    41
       Meat ration       |       |       |     1 |     1 ||     2
       Beef jerky        |       |       |       |     2 ||     2
Armor: Leather armour    |     9 |     7 |       |       ||    16
       Ring mail         |       |    16 |       |       ||    16
       Scale mail        |       |    19 |    68 |   127 ||   214
Dodge: Dodged            |    28 |   100 |   122 |   170 ||   420
